 Dungeon Sprint DCSS version 0.23.1 (webtiles) character file.

Game seed: 18040521972074798847

737 nuthulu the Grappler (level 7, 0/81 HPs)
             Began as a Troll Monk on Mar 7, 2019.
             Was a Believer of Uskayaw.
             Slain by a red devil
             ... wielding a +0 demon trident of flaming
             ... summoned by a kobold demonologist
              (4 damage)
             ... in the Dungeon (Sprint I: "Red Sonja").
             The game lasted 00:00:58 (258 turns).

nuthulu the Grappler (Troll Monk)                    Turns: 258, Time: 00:00:59

Health: 0/81       AC:  6    Str: 22    XL:     7   Next: 46%
Magic:  6/7        EV: 14    Int:  6    God:    Uskayaw [**....]
Gold:   418        SH:  0    Dex: 12    Spells: 6/6 levels left

rFire    . . .     SeeInvis .     - Unarmed
rCold    . . .     Gourm    +   (no shield)
rNeg     . . .     Faith    .   a - +0 robe
rPois    .         Spirit   .   (helmet restricted)
rElec    .         Reflect  .   (no cloak)
rCorr    .         Harm     .   (gloves unavailable)
MR       .....     NoTele   +   (boots unavailable)
Stlth    ++........             (no amulet)
HPRegen  0.63/turn              (no ring)
MPRegen  0.10/turn              (no ring)

@: no status effects
A: large, unfitting armour, claws 3, fast metabolism 3, gourmand, regeneration
1, shaggy fur 1, tough skin 3
a: Stomp, Line Pass, Renounce Religion


You were in the Dungeon.
You worshipped Uskayaw.
Uskayaw was noncommittal.
You were not hungry.

You visited 1 branch You collected 418 gold pieces.

Inventory:

Armour
 a - a +0 robe (worn)
Wands
 i - a wand of flame (13)
Scrolls
 h - a scroll of blinking
 j - a scroll of identify {unknown}
Potions
 c - a potion of curing
 d - a potion of heal wounds
 e - a potion of haste
 f - 3 potions of magic
 g - a potion of berserk rage
Comestibles
 b - 2 rations


   Skills:
 + Level 8.3 Fighting
 + Level 8.3 Dodging
 - Level 1.0 Stealth
 + Level 9.9 Unarmed Combat
 + Level 1.7 Invocations


You had 6 spell levels left.
You didn't know any spells.
Your spell library was empty.

Dungeon Overview and Level Annotations

Branches:
Dungeon (1/1)

Altars:
Cheibriados
Dithmenos
Elyvilon
Fedhas
Gozag
Hepliaklqana
Kikubaaqudgha
Makhleb
Nemelex Xobeh
Okawaru
Qazlal
Ru
Sif Muna
Trog
Uskayaw
Vehumet
Wu Jian
Xom
Yredelemnul
Zin
The Shining One
Jiyva
Lugonu

Shops:
D *


Innate Abilities, Weirdness & Mutations

You are too large for most types of armour.
You have claws for hands.
Your metabolism is lightning-fast.
You like to eat raw meat.
Your natural rate of healing is unusually fast.
You are covered in fur. (AC +1)
You have extremely tough skin. (AC +3)


Message History

The chaos spawn closely misses you.
The red devil hits you from afar with a +0 demon trident of flaming!!
The red devil burns you.
You scratch the kobold demonologist but do no damage.
The kobold demonologist is lightly wounded.
The chaos spawn barely misses you.
The red devil hits you from afar with a +0 demon trident of flaming!
The red devil burns you.
The red devil hits you from afar with a +0 trident!
* * * LOW HITPOINT WARNING * * *
The kobold demonologist casts a spell.
The kobold demonologist misses you.
There is an open door here.
Unknown command.
You mangle the kobold demonologist!!
The kobold demonologist is severely wounded.
The red devil hits you with a +0 demon trident of flaming!
* * * LOW HITPOINT WARNING * * *
The red devil burns you.
You die...

#####################
.').#.)'..#__#55@K45#
.#..'..#..'..54K#45.#
###'#####'#__####5..+
##..#...#.#### ####
_####..##.#
____##'#_.+
.∩...'..._#
..__##_.#+# ____###+#


You could see 2 kobold demonologists, a chaos spawn, 2 red devils, 3 iron imps,
2 white imps and a shadow imp.

Vanquished Creatures
  A slime creature (D)
  Sigmund (D)
  A yak (D)
  A floating eye (D)
  An ogre (D)
  A jelly (D)
  Ijyb (D)
7 creatures vanquished.

Notes
Turn   | Place    | Note
-------+----------+-------------------------------------------
     0 | D        | nuthulu the Troll Monk began the quest for the Orb.
     0 | D        | Reached XP level 1. HP: 22/22 MP: 0/0
     1 | D        | Noticed Ijyb
     9 | D        | Killed Ijyb
     9 | D        | Reached skill level 4 in Unarmed Combat
     9 | D        | Reached XP level 2. HP: 31/31 MP: 1/1
    13 | D        | Noticed an ogre
    22 | D        | Killed an ogre
    22 | D        | Reached skill level 5 in Fighting
    22 | D        | Reached skill level 5 in Dodging
    22 | D        | Reached skill level 6 in Unarmed Combat
    22 | D        | Reached XP level 3. HP: 42/42 MP: 2/2
    22 | D        | Reached XP level 4. HP: 50/50 MP: 3/3
    32 | D        | Noticed Sigmund
    40 | D        | Killed Sigmund
    40 | D        | Reached skill level 7 in Unarmed Combat
    40 | D        | Reached XP level 5. HP: 61/61 MP: 4/4
   123 | D        | Found an ornate altar of the Wu Jian Council.
   123 | D        | Found a deep blue altar of Sif Muna.
   125 | D        | Found a radiant altar of Vehumet.
   132 | D        | Reached skill level 8 in Unarmed Combat
   132 | D        | Reached XP level 6. HP: 61/68 MP: 5/5
   161 | D        | Found Ciamiy Yquat's Assorted Antiques.
   161 | D        | Found an ancient bone altar of Kikubaaqudgha.
   161 | D        | Found a hazy altar of Hepliaklqana.
   161 | D        | Found a hide-covered altar of Uskayaw.
   161 | D        | Found a basalt altar of Yredelemnul.
   161 | D        | Found an opulent altar of Gozag.
   161 | D        | Found a snail-covered altar of Cheibriados.
   161 | D        | Found a sacrificial altar of Ru.
   161 | D        | Found a shadowy altar of Dithmenos.
   161 | D        | Noticed a yak
   168 | D        | Killed a yak
   169 | D        | Found a stormy altar of Qazlal.
   169 | D        | Found a blossoming altar of Fedhas.
   169 | D        | Found a bloodstained altar of Trog.
   169 | D        | Found an iron altar of Okawaru.
   169 | D        | Found a glowing golden altar of the Shining One.
   169 | D        | Found a glowing silver altar of Zin.
   169 | D        | Found a white marble altar of Elyvilon.
   205 | D        | Found a sparkling altar of Nemelex Xobeh.
   211 | D        | Became a worshipper of Uskayaw the Reveler
   211 | D        | Reached * piety under Uskayaw
   223 | D        | Found a burning altar of Makhleb.
   223 | D        | Found a viscous altar of Jiyva.
   223 | D        | Found a shimmering altar of Xom.
   223 | D        | Found a corrupted altar of Lugonu.
   223 | D        | Noticed a slime creature
   228 | D        | Reached ** piety under Uskayaw
   231 | D        | Killed a slime creature
   231 | D        | Reached skill level 9 in Unarmed Combat
   231 | D        | Reached XP level 7. HP: 64/80 MP: 6/6
   231 | D        | Reached *** piety under Uskayaw
   243 | D        | Noticed a kobold demonologist
   243 | D        | Noticed a kobold demonologist
   244 | D        | Paralysed by a floating eye for 4 turns
   249 | D        | Noticed a red devil
   249 | D        | Reached skill level 1 in Invocations
   252 | D        | Noticed a chaos spawn
   254 | D        | Noticed a red devil
   258 | D        | HP: 4/81 [red devil/+0 demon trident of flaming[a kobold
                  | demonologist] (14)]
   258 | D        | Slain by a red devil

Skill      XL: |  1  2  3  4  5  6  7 |
---------------+----------------------+-----
Fighting       | 3 5 6 8 |  8.3
Dodging        | 3 5 6 8 |  8.3
Unarmed Combat | 4 6 7 8 9 |  9.9
Invocations    | 1 |  1.7
Stealth        | |  1.0

Action                   |  1- 3 |  4- 6 |  7- 9 || total
-------------------------+-------+-------+-------++-------
Melee: Unarmed           |    15 |    23 |     9 ||    47
 Stab: Sleeping          |       |     1 |       ||     1
Armor: Robe              |     4 |     3 |     2 ||     9
Dodge: Dodged            |     5 |    10 |     4 ||    19
